 Seeded DCSS version 0.30-a0-297-g0ec75d9ef4 (webtiles) character file.

Game seed: 17700142388845281271 (custom seed)

83 purpskrrrp the Poker (level 4, -4/39 HPs)
             Began as a Minotaur Monk on Oct 18, 2022.
             Was an Initiate of Yredelemnul.
             Slain by Grinder (5 damage)
             ... on level 3 of the Dungeon.
             The game lasted 00:02:23 (1509 turns).

purpskrrrp the Poker (Minotaur Monk)                Turns: 1509, Time: 00:02:24

Health: -4/39      AC: 10    Str: 16 (17) XL:     4   Next: 22%
Magic:  3/3        EV:  5    Int:  6 (7)  God:    Yredelemnul [......]
Gold:   32         SH:  0    Dex: 11 (13) Spells: 3/3 levels left

rFire   . . .      SeeInvis .    a - +0 spear
rCold   . . .      Faith    .    (no shield)
rNeg    . . .      Spirit   .    l - +0 plate armour
rPois   .          Reflect  .    (helmet restricted)
rElec   .          Harm     .    (no cloak)
rCorr   .          Rampage  .    (no gloves)
Will    .....                    (no boots)
Stlth   ..........               (no amulet)
HPRegen 0.26/turn                (no ring)
MPRegen 0.08/turn                (no ring)

@: no status effects
A: horns 2, retaliatory headbutt
a: Renounce Religion, Recall Undead Harvest


You were on level 3 of the Dungeon.
You worshipped Yredelemnul.
Yredelemnul was noncommittal.
You visited 1 branch of the dungeon, and saw 3 of its levels.

You collected 32 gold pieces.

Inventory:

Hand Weapons
 a - a +0 spear (weapon)
Armour
 b - a +0 robe
 l - a +0 plate armour (worn)
Scrolls
 d - 2 scrolls of immolation {unknown}
 e - 2 scrolls of identify {unknown}
 f - a scroll of vulnerability {unknown}
 i - a scroll of enchant weapon {unknown}
 j - a scroll of brand weapon {unknown}
 n - a scroll of amnesia {unknown}
Potions
 c - a potion of ambrosia
 g - a potion of attraction {unknown}
 h - a potion of degeneration
 k - a potion of curing {unknown}
 m - 2 potions of heal wounds {unknown}
 o - a potion of lignification {unknown}


   Skills:
 - Level 3.6 Fighting
 + Level 6.2 Polearms
 - Level 3.2 Dodging
 - Level 1.5 Stealth


You had 3 spell levels left.
You didn't know any spells.
Your spell library contained the following spells:

 Spells                   Type           Power      Damage    Failure   Level
 Sublimation of Blood     Necr           0%         N/A       100%        2
 Petrify                  Tmut/Erth      0%         N/A       100%        4
 Irradiate                Conj/Tmut      0%         3d11      100%        5


Dungeon Overview and Level Annotations

Branches:
Dungeon (3/15)

Altars:
Yredelemnul

Annotations:
D:3 Grinder


Innate Abilities, Weirdness & Mutations

You have a pair of horns on your head.
You reflexively headbutt those who attack you in melee.


Message History

You are too injured to fight recklessly!
You are too injured to fight recklessly!
You are too injured to fight recklessly!
You are too injured to fight recklessly!
You are too injured to fight recklessly!
You are too injured to fight recklessly!
You are too injured to fight recklessly!
You are too injured to fight recklessly!
You are too injured to fight recklessly!
You are too injured to fight recklessly!
You are too injured to fight recklessly!
You are too injured to fight recklessly!
You are too injured to fight recklessly!
The kobold shouts!
You hit Grinder.
Grinder is moderately wounded.
Grinder hits you.
* * * LOW HITPOINT WARNING * * *
An orc comes into view. It is wielding a +0 mace.
You barely miss Grinder.
Grinder is moderately wounded.
Grinder hits you.
* * * LOW HITPOINT WARNING * * *
You writhe in agony.
* * * LOW HITPOINT WARNING * * *
You completely miss Grinder. You headbutt Grinder.
Grinder is heavily wounded.
You hit Grinder. Your headbutt misses Grinder.
Grinder is heavily wounded.
An endoplasm comes into view.
The orc hits you with a +0 hand axe.
* * * LOW HITPOINT WARNING * * *
Grinder hits you but does no damage.
It was a potion of degeneration.
There was something very wrong with that liquid.
You feel weakened.
You feel dopey.
You feel clumsy.
The endoplasm quivers.
The orc hits you but does no damage. Grinder hits you.
You die...
Your body rises from the dead as a mindless zombie.

..#..#.#...#
#..#.#####
#..#.###
#.##...#.# . #
#.#......# ...
#.#.#.##.#.#
....#.#.#.# ...#
..........#....#
#....5@.......#
#....wo.##....#
##............#
#....K.##....#
........# ...#
...$...!o. ...
.........J .
....##.....


You could see Grinder, a worm, 2 orcs, an endoplasm and a kobold.

Vanquished Creatures
  2 adders (D:2)
  A worm (D:2)
  2 dart slugs (D:2)
  7 ball pythons
  6 bats
  A giant cockroach (D:1)
  5 goblins
  4 hobgoblins
  2 quokkas
  5 frilled lizards
  2 kobolds
  5 rats
42 creatures vanquished.

Vanquished Creatures (collateral kills)
  An adder (D:2)
  A dart slug (D:1)
  A giant cockroach (D:1)
  A quokka (D:1)
  A ball python (D:1)
  A bat (D:1)
  A kobold (D:1)
7 creatures vanquished.

Vanquished Creatures (others)
  3 bat zombies
  2 ball python zombies (D:1)
  A hobgoblin zombie (D:1)
  A quokka zombie (D:1)
  A rat zombie (D:1)
  2 plants (D:1)
10 creatures vanquished.

Grand Total: 59 creatures vanquished

Notes
Turn   | Place    | Note
-------+----------+-------------------------------------------
     0 | D:1      | purpskrrrp the Minotaur Monk began the quest for the Orb.
     0 | D:1      | Reached XP level 1. HP: 19/19 MP: 0/0
    35 | D:1      | Found a faded altar of an unknown god.
    39 | D:1      | Reached skill level 4 in Polearms
    82 | D:1      | Prayed at the altar of an unknown god.
    82 | D:1      | Became a worshipper of Yredelemnul the Dark
    82 | D:1      | Reached * piety under Yredelemnul
    82 | D:1      | Reached ** piety under Yredelemnul
   117 | D:1      | Reached XP level 2. HP: 26/26 MP: 1/1
   257 | D:1      | Reached *** piety under Yredelemnul
   496 | D:1      | Reached skill level 5 in Polearms
   705 | D:2      | Reached XP level 3. HP: 18/31 MP: 2/2
  1216 | D:2      | Reached XP level 4. HP: 39/39 MP: 3/3
  1240 | D:2      | Reached skill level 6 in Polearms
  1494 | D:3      | Noticed Grinder
  1508 | D:3      | HP: 1/39 [orc/+0 hand axe (1)]
  1509 | D:3      | Slain by Grinder

Illustrated notes

Levels and vault maps discovered:
D:1:      giann_bridges, layout_loops_cross, nicolae_ecumenical_snake_handling,
          nicolae_concentric_dashed_squares_wild
D:2:      layout_loops_ring
D:3:      layout_basic, serial_shops, nicolae_shop_bloodbath_and_beyond,
          uniq_grinder

Skill      XL: |  1  2  3  4 |
---------------+-------------+-----
Polearms       | 4 5 6 |  6.2
Fighting       | |  3.6
Dodging        | |  3.2
Stealth        | |  1.5

Action                   |  1- 3 |  4- 6 || total
-------------------------+-------+-------++-------
Melee: Spear             |   117 |    30 ||   147
       Headbutt          |     9 |     5 ||    14
  Use: Potion            |       |     1 ||     1
 Stab: Sleeping          |     9 |       ||     9
       Distracted        |     1 |       ||     1
Armor: Robe              |     3 |       ||     3
       Plate armour      |    10 |    12 ||    22
Dodge: Dodged            |    22 |     3 ||    25

Table legend: (Time is in decaauts)
 A = Elapsed time spent in this place.
 B = Non-inter-level travel time spent in this place.
 C = Inter-level travel time spent in this place.
 D = Time resting spent in this place.
 E = Time spent auto-exploring this place.
 F = Levels seen in this place.
 G = Mean time per level.
                   A        B        C        D        E       F      G
               +--------+--------+--------+--------+--------+-----+--------+
         Total |   1485 |   1455 |     30 |      0 |   1130 |   3 |  495.0 |
       Dungeon |   1485 |   1455 |     30 |      0 |   1130 |   3 |  495.0 |
               +--------+--------+--------+--------+--------+-----+--------+

Top non-repeatable levels by time:
     D:2: 757 daAuts
     D:1: 679 daAuts
     D:3: 49 daAuts
